 Dungeon Crawl Stone Soup version 0.16-a0-3533-gc382f62 (webtiles) character file.

9 Pikaro the Insei (level 2, 0/18 HPs)
             Began as an Octopode Transmuter on Jan 8, 2015.
             Slain by a hobgoblin (4 damage)
             ... on level 1 of the Dungeon.
             The game lasted 00:00:41 (222 turns).

Pikaro the Insei (Octopode Transmuter)               Turns: 222, Time: 00:00:41

Health: 0/18       AC:  2    Str:  9    XL:     2   Next: 12%
Magic:  4/4        EV: 12    Int: 15    God:
Gold:   12         SH:  0    Dex: 12    Spells: 1 memorised, 4 levels left

rFire  . . .     SeeInvis .       - Unarmed
rCold  . . .     Clarity  .     (no shield)
rNeg   . . .     SustAb   .     c - +1 hat
rPois  .         Gourm    .     (no amulet)
rElec  .         Spirit   .     (no ring)
rCorr  .         Warding  .     (no ring)
rMut   .         Stasis   .     (no ring)
MR     .....                    (no ring)
Stlth  ++........               (no ring)
                                (no ring)
                                (no ring)
                                (no ring)

@: not resistant to hostile enchantments, unstealthy
A: almost no armour, amphibious, 8 rings, constrict 8, camouflage 1, gelatinous
body 1
a: no special abilities


You were on level 1 of the Dungeon.
You were not hungry.

You visited 1 branch of the dungeon, and saw 1 of its levels.

You collected 12 gold pieces.

Inventory:

Missiles
 b - 12 arrows
Armour
 c - a +1 hat (worn)
   (You found it on level 1 of the Dungeon)
Scrolls
 e - a scroll of teleportation {unknown}
 h - a scroll of fear {unknown}
Potions
 g - a potion of magic {unknown}
Books
 d - a book of Changes
Comestibles
 a - a bread ration {@e1}
 f - 2 chunks of flesh {@w0}
 i - a slice of pizza


   Skills:
 - Level 1.0 Fighting
 - Level 2.0 Dodging
 + Level 3.2 Unarmed Combat
 - Level 2.0 Spellcasting
 + Level 2.4 Transmutations


You had 4 spell levels left.
You knew the following spells:

 Your Spells              Type           Power        Failure   Level  Hunger
A - Beastly Appendage     Trmt           #.....       12%         1    #......


Dungeon Overview and Level Annotations

Branches:
Dungeon (1/15)

Altars:
Nemelex Xobeh


Innate Abilities, Weirdness & Mutations

You cannot wear most types of armour.
You are amphibious.
You can wear up to eight rings at the same time.
You can use your tentacles to constrict many enemies at once.
Your skin changes colour to match your surroundings (Stealth).
Your rubbery body absorbs attacks (AC +1).


Message History

You kill the ball python!
You see here a ball python corpse.
You butcher the ball python corpse.
f - 2 chunks of flesh {@w0} (gained 1)
You open the door.
Found a runed short sword.
A kobold comes into view. It is wielding a dagger.
A rat comes into view.
The kobold shouts!
The kobold throws a stone.
The stone hits you but does no damage.
You see here a stone.
The kobold throws a stone.
The stone hits you.
You take 1 damage, and have 12/13 hp.
You closely miss the kobold. Your grab misses the kobold.
The kobold hits you with a dagger.
You take 1 damage, and have 11/13 hp.
You barely miss the kobold. Your grab misses the kobold. The kobold misses you.
The rat bites you but does no damage.
You completely miss the kobold. You grab the kobold. You squeeze the kobold.
You kill the kobold!
The rat misses you.
You tentacle-slap the rat. Your grab misses the rat. The rat barely misses you.
You tentacle-slap the rat.
You kill the rat!
You start resting.
Health restored: 13 Total turns waited: 43 a dagger; a kobold corpse
i - a slice of pizza You now have 12 gold pieces.
A hobgoblin comes into view. It is wielding a club.
The hobgoblin shouts!
A hobgoblin comes into view. It is wielding a club.
The hobgoblin shouts!
A hobgoblin comes into view. It is wielding a club.
A kobold comes into view. It is wielding a dagger.
A hobgoblin comes into view.
You tentacle-slap the hobgoblin but do no damage.
Your grab misses the hobgoblin.
The hobgoblin hits you but does no damage.
You tentacle-slap the hobgoblin. You grab the hobgoblin.
You constrict the hobgoblin. The hobgoblin barely misses you.
You tentacle-slap the hobgoblin.
You kill the hobgoblin!
The hobgoblin closely misses you.
A jackal comes into view.
Spoiler Alert: The jackal (wandering) is fast!
You tentacle-slap the hobgoblin. Your grab misses the hobgoblin.
The hobgoblin hits you but does no damage.
A bat comes into view.
Spoiler Alert: The jackal is fast!
You closely miss the hobgoblin. You grab the hobgoblin.
You constrict the hobgoblin.
The bat moves out of view.
The kobold throws a stone.
The stone hits you. The hobgoblin closely misses you. The hobgoblin misses you.
You take 3 damage, and have 10/13 hp.
MASSIVE DAMAGE!!
Spoiler Alert: The jackal is fast!
You tentacle-slap the hobgoblin. You grab the hobgoblin.
You constrict the hobgoblin, but do no damage. x2
You miss the bat. You grab the bat. You squeeze the bat, but do no damage.
You constrict the bat, but do no damage.
You constrict the hobgoblin.
You constrict the hobgoblin, but do no damage.
The bat closely misses you. The bat hits you but does no damage.
The hobgoblin hits you with a club. The hobgoblin closely misses you.
You take 2 damage, and have 8/13 hp.
Spoiler Alert: The jackal is fast!
You tentacle-slap the kobold. You grab the kobold. You constrict the kobold.
You constrict the bat, but do no damage.
You constrict the hobgoblin.
You kill the hobgoblin!
You constrict the hobgoblin. The bat hits you but does no damage.
The bat struggles to escape constriction.
The hobgoblin escapes!
The kobold hits you with a dagger.
A hobgoblin comes into view.
You take 1 damage, and have 7/13 hp.
Spoiler Alert: The jackal is fast!
You tentacle-slap the bat. You constrict the kobold.
You kill the kobold!
You have reached level 2!
You constrict the bat.
You kill the bat!
The hobgoblin hits you with a club. The jackal barely misses you.
You take 1 damage, and have 6/18 hp.
MP restored: 4 Spoiler Alert: The jackal is fast!
You tentacle-slap the jackal but do no damage.
Your grab misses the jackal. The jackal bites you.
* * * LOW HITPOINT WARNING * * *
The hobgoblin barely misses you. The hobgoblin hits you with a club.
* * * LOW HITPOINT WARNING * * *
You take 2 damage, and have 4/18 hp.
Spoiler Alert: The jackal is fast!
You tentacle-slap the jackal. You grab the jackal.
Your squeeze misses the jackal.
You constrict the jackal, but do no damage.
The jackal bites you but does no damage.
The hobgoblin hits you.
You die...

#......†...... ###.#
#.)....... # ..#.#
#.....(... ..## #.#.#
#.........
......###.#.###.........
..........#.#...........
......##.......##.#.####
........#......##..#.#
#g@.......#..#.#
#hg)...>..#..#.#
...........>.(..#.#
..............#..#.####
........................
........g......###.####
....###.##..........#
... #..#....###÷#.## ##.
. #.#...


You could see a jackal and 3 hobgoblins.

Vanquished Creatures
  2 hobgoblins (D:1)
  2 kobolds (D:1)
  A ball python (D:1)
  2 bats (D:1)
  A rat (D:1)
8 creatures vanquished.

Notes
Turn   | Place    | Note
--------------------------------------------------------------
     0 | D:1      | Pikaro, the Octopode Transmuter, began the quest for the Orb.
     0 | D:1      | Reached XP level 1. HP: 13/13 MP: 3/3
   105 | D:1      | Found a sparkling altar of Nemelex Xobeh.
   220 | D:1      | Reached XP level 2. HP: 9/18 MP: 4/4
   221 | D:1      | HP: 4/18 [hobgoblin/club (1)]
   222 | D:1      | Slain by a hobgoblin

Action                   || total
-------------------------++-------
Melee: Unarmed           ||    19

Vault maps used:
D:1:      minmay_arrival_checkered_box, nemelex_diamond_rough_becter

Table legend:
 A = Turns spent in this place as a percentage of turns spent in the entire game.
 B = Non-inter-level travel turns spent in this place as a percentage of non-inter-level travel turns spent in the entire game.
 C = Inter-level travel turns spent in this place as a percentage of turns spent in this place.
 D = Turns resting spent in this place as a percentage of non-inter-level travel turns spent in this place.
 E = Turns spent auto-exploring this place as a percentage of non-inter-level travel turns spent in this place.
 F = Non-inter-level travel turns spent in this place divided by the number of levels of this place that you've seen.
                   A       B       C       D       E      F
               +-------+-------+-------+-------+-------+----------------------
         Total | 100.0 | 100.0 |   0.0 |   5.6 |  11.1 |  72.0
       Dungeon | 100.0 | 100.0 |   0.0 |   5.6 |  11.1 |  72.0
               +-------+-------+-------+-------+-------+----------------------

Table legend:
 A = Kills in this place as a percentage of kills in entire the game.
 B = Kills by you in this place as a percentage of kills by you in the entire game.
 C = Kills by friends in this place as a percentage of kills by friends in the entire game.
 D = Other kills in this place as a percentage of other kills in the entire game.
 E = Experience gained in this place as a percentage of experience gained in the entire game.
 F = Experience gained in this place divided by the number of levels of this place that you have seen.
                   A       B       C       D       E      F
               +-------+-------+-------+-------+-------+----------------------
         Total | 100.0 | 100.0 |  -nan |  -nan | 100.0 |  13.0
       Dungeon | 100.0 | 100.0 |  -nan |  -nan | 100.0 |  13.0
               +-------+-------+-------+-------+-------+----------------------
